 Seeded DCSS version 0.30.0 (webtiles) character file.

Game seed: 7229806256980976716 (custom seed)

4361 bananamous the Carver (level 10, -1/135 HPs)
             Began as a White Draconian Berserker on July 11, 2023.
             Was an Elder of Trog.
             Slain by an orc warlord
             ... wielding a +5 executioner's axe
              (11 damage)
             ... in a bailey.
             The game lasted 00:25:02 (6241 turns).

bananamous the Carver (White Draconian Berserker)   Turns: 6241, Time: 00:25:02

Health: -1/135     AC:  8    Str: 33    XL:     10   Next: 12%
Magic:  10/10      EV: 15    Int: 14    God:    Trog [****..]
Gold:   379        SH:  0    Dex: 13    Spells: 9/9 levels left

rFire   + + .        d - +2 demon blade (flame)
rCold   + + +        (no shield)
rNeg    . . .        (body armour unavailable)
rPois   .            (helmet restricted)
rElec   .            (no cloak)
rCorr   .            q - +0 pair of gloves
SInv    .            (no boots)
Will    .....        e - amulet of Plog {rC++ Regen+ Str+9 Dex-2} Stlth
                     f - ring "Bosibb" {rF++ Int+6 Dex+5}
HPRegen 1.22/turn    (no ring)
MPRegen 0.12/turn

%: no passive effects
@: berserking (expiring), very quick
A: breathe frost, AC +7, unfitting armour, cold resistance 1, cold-blooded
a: Breathe Frost, Renounce Religion, Berserk, Trog's Hand, Brothers in Arms


You were in a bailey.
You worshipped Trog.
Trog was greatly pleased with you.
You visited 1 branch of the dungeon, and saw 7 of its levels.
You also visited: Ossuary and Bailey.

You collected 379 gold pieces.

Inventory:

Hand Weapons
 a - a +0 hand axe
 d - a +2 demon blade of flaming (weapon)
Missiles
 b - a throwing net (quivered)
Armour
 q - a +0 pair of gloves (worn)
Jewellery
 e - the amulet of Plog (around neck) {rC++ Regen+ Str+9 Dex-2}
   (You acquired it on level 1 of the Dungeon)

   [amulet of regeneration]

   Str:       It affects your strength (+9).
   Dex:       It affects your dexterity (-2).
   rC:        It greatly protects you from cold.
   Regen:     It increases your rate of health regeneration.
 f - the ring "Bosibb" (left hand) {rF++ Int+6 Dex+5}
   (You acquired it on level 1 of the Dungeon)

   [ring of intelligence]

   Int:       It affects your intelligence (+6).
   Dex:       It affects your dexterity (+5).
   rF:        It greatly protects you from fire.
 J - a ring of positive energy
Scrolls
 c - 3 scrolls of amnesia
 g - a scroll of teleportation
 i - 2 scrolls of blinking
 j - 2 scrolls of poison {unknown}
 k - 2 scrolls of enchant armour {unknown}
 p - 5 scrolls of identify
 s - 2 scrolls of brand weapon {unknown}
 x - 5 scrolls of vulnerability {unknown}
 y - a scroll of fog {unknown}
 A - 3 scrolls of silence {unknown}
 C - a scroll of butterflies {unknown}
 E - 3 scrolls of magic mapping {unknown}
 F - 2 scrolls of torment {unknown}
 H - 2 scrolls of immolation {unknown}
 I - 2 scrolls of enchant weapon {unknown}
Potions
 h - 2 potions of mutation {unknown}
 l - 3 potions of might {unknown}
 m - 6 potions of curing {unknown}
 n - a potion of invisibility {unknown}
 o - 3 potions of brilliance {unknown}
 r - 2 potions of cancellation {unknown}
 t - 3 potions of lignification {unknown}
 u - 4 potions of attraction {unknown}
 v - 2 potions of flight {unknown}
 w - 2 potions of heal wounds
 z - a potion of ambrosia {unknown}
 B - a potion of berserk rage {unknown}
 D - a potion of degeneration {unknown}
 G - a potion of haste {unknown}
 K - a potion of magic {unknown}


   Skills:
 + Level 8.8 Fighting
 * Level 10.4 Long Blades
 - Level 3.0 Axes
 + Level 7.3 Dodging


You had 9 spell levels left.
You didn't know any spells.
Your spell library was empty.

Dungeon Overview and Level Annotations

Branches:
Dungeon (7/15)             Temple (0/1) D:4         Ossuary (visited)
 Bailey (1/1)

Altars:
Elyvilon
Qazlal
Zin
The Shining One

Shops:
D:6 :


Innate Abilities, Weirdness & Mutations

You can breathe waves of freezing cold which knock back foes.
Your icy white scales are hard. (AC +7)
You cannot fit into any form of body armour.
Your flesh is cold resistant. (rC+)
You are cold-blooded and may be slowed by cold attacks.


Message History

Your black bear claws the orc warlord but does no damage. x2
Things that are here:
a +0 war axe; a +0 chain mail You hit the orc warlord.
You burn the orc warlord.
The orc warlord is lightly wounded.
The orc warlord hits you with a +5 executioner's axe!
* * * LOW HITPOINT WARNING * * *
The orc warlord hits your black bear with a +5 executioner's axe!
You hit the orc warlord. You burn the orc warlord.
You tail-slap the orc warlord, but do no damage.
The orc warlord is lightly wounded.
Your black bear bites the orc warlord.
Your black bear claws the orc warlord but does no damage.
Your black bear barely misses the orc warlord.
You hit the orc warlord. You burn the orc warlord.
The orc warlord is lightly wounded.
Your black bear barely misses the orc warlord. x2
Your black bear claws the orc warlord but does no damage.
The orc warlord hits you with a +5 executioner's axe!
* * * LOW HITPOINT WARNING * * *
The orc warlord hits your black bear with a +5 executioner's axe!!
Your black bear dies!
Your black bear's corpse disappears in a puff of smoke!
You slash the orc warlord! You burn the orc warlord.
The orc warlord is moderately wounded.
You hit the orc warlord but do no damage.
You punch the orc warlord, but do no damage.
The orc warlord is moderately wounded.
The orc warlord hits you with a +5 executioner's axe!
* * * LOW HITPOINT WARNING * * *
You barely miss the orc warlord.
The orc warlord is moderately wounded.
You slash the orc warlord! You burn the orc warlord.
You tail-slap the orc warlord!
The orc warlord is heavily wounded.
The orc warlord drinks a potion.
The orc warlord is healed!
You barely miss the orc warlord. You tail-slap the orc warlord.
The orc warlord is moderately wounded.
The orc warlord hits you with a +5 executioner's axe!
You die...

...## ##..)....## ...#
#..)....# ..## ##.....##
### ####'## ..##
##.....## ...# #§§.....#
.).##.. ##.§.....##
....#... #....)....#
o...###.. ##...@o....##
.....###'###..§..⌠.....#
.o..##88.88##.........##
....#....o..#.........#
...##.......##.......##
...'......o.)'.......#
..##.........##.....##
### ....⌠.....#######
........##


You could see an orc warlord.

Vanquished Creatures
  15 orc warriors
  A black bear (D:6)
  An ice beast (D:6)
  A sky beast (D:6)
  2 hornet zombies (Ossuary)
  A bullfrog (D:6)
  3 wyvern zombies
  5 scorpions
  2 water moccasin zombies (Ossuary)
  The ghost of samcosmo the Grasshopper, a weakling AtWr (D:3)
  A howler monkey (D:6)
  5 electric eels (D:6)
  3 bullfrog zombies (Ossuary)
  2 centaur zombies (Ossuary)
  A gnoll bouda (D:6)
  2 jellies
  2 bullfrog skeletons (D:3)
  8 orc priests
  2 hounds
  An iguana (D:6)
  2 sleepcaps
  3 orc wizards
  3 killer bee zombies (Ossuary)
  16 mummies
  2 howler monkey zombies (Ossuary)
  10 gnolls
  A howler monkey skeleton (D:3)
  9 adders
  A shadow imp (D:5)
  2 ufetubi
  3 worms
  29 orcs
  5 bats
  4 endoplasms
  6 giant cockroaches
  14 goblins
  15 hobgoblins
  20 jackals
  A kobold (D:4)
  4 quokkas
  6 ball pythons
  A frilled lizard (D:1)
  A goblin zombie (D:4)
  An orc zombie (D:4)
  4 rats
222 creatures vanquished.

Vanquished Creatures (collateral kills)
  An orc warrior (Bailey)
1 creature vanquished.

Vanquished Creatures (others)
  9 plants (D:6)
  8 withered plants (Ossuary)
17 creatures vanquished.

Grand Total: 240 creatures vanquished

Notes
Turn   | Place    | Note
-------+----------+-------------------------------------------
     0 | D:1      | bananamous the Draconian Berserker began the quest for the
                  | Orb.
     0 | D:1      | Reached XP level 1. HP: 19/19 MP: 1/1
    61 | D:1      | Identified 3 scrolls of acquirement
    61 | D:1      | Acquired a +2 demon blade of flaming
    62 | D:1      | Acquired the ring "Bosibb" {rF++ Int+6 Dex+5}
    63 | D:1      | Acquired the amulet of Plog {rC++ Regen+ Str+9 Dex-2}
   135 | D:1      | Reached skill level 1 in Long Blades
   135 | D:1      | Reached XP level 2. HP: 25/26 MP: 2/2
   751 | D:2      | Reached XP level 3. HP: 24/33 MP: 3/3
   816 | D:2      | Reached skill level 2 in Long Blades
   894 | D:2      | Reached ** piety under Trog
   908 | D:2      | Reached XP level 4. HP: 38/40 MP: 4/4
  1228 | D:2      | Reached skill level 3 in Long Blades
  1500 | D:3      | Found a runed translucent gate.
  1500 | D:3      | Found a runed translucent gate.
  1500 | D:3      | Found a runed translucent gate.
  1508 | D:3      | Noticed samcosmo's ghost (weakling AtWr)
  1532 | D:3      | Reached XP level 5. HP: 46/46 MP: 5/5
  1565 | D:3      | Found a glowing silver altar of Zin.
  1977 | D:3      | Killed samcosmo's ghost
  1989 | D:3      | Reached skill level 4 in Long Blades
  1989 | D:3      | Reached XP level 6. HP: 26/53 MP: 6/6
  2064 | D:4      | Reached *** piety under Trog
  2077 | D:4      | Reached skill level 5 in Fighting
  2135 | D:4      | Found a white marble altar of Elyvilon.
  2185 | D:4      | Found a glowing golden altar of the Shining One.
  2350 | D:4      | Found a staircase to the Ecumenical Temple.
  2452 | D:4      | Found a stormy altar of Qazlal.
  2575 | D:4      | Found a sand-covered staircase.
  2582 | Ossuary  | Entered an ossuary
  2603 | Ossuary  | Reached skill level 5 in Long Blades
  2603 | Ossuary  | Your scales start taking on an icy white colour.
  2603 | Ossuary  | Reached XP level 7. HP: 43/61 MP: 7/7
  2603 | Ossuary  | Gained mutation: Your flesh is cold resistant. (rC+) [White
                  | Draconian growth]
  2741 | Ossuary  | Reached skill level 6 in Long Blades
  2812 | Ossuary  | Reached skill level 5 in Dodging
  2812 | Ossuary  | Reached XP level 8. HP: 64/70 MP: 8/8
  2999 | Ossuary  | Reached **** piety under Trog
  3000 | Ossuary  | Reached skill level 7 in Long Blades
  3191 | D:5      | Entered Level 5 of the Dungeon
  3999 | D:6      | Reached skill level 8 in Long Blades
  4073 | D:6      | Reached XP level 9. HP: 79/79 MP: 9/9
  4294 | D:6      | Found Xixtot's Book Boutique.
  4728 | D:6      | Reached skill level 9 in Long Blades
  5394 | D:7      | Found a flagged portal.
  5401 | Bailey   | Entered a bailey
  5691 | Bailey   | Reached skill level 10 in Long Blades
  5934 | Bailey   | Reached XP level 10. HP: 69/90 MP: 10/10
  6130 | Bailey   | Identified the +0 chain mail of Saogadd {rC+ rN+++ Str+2
                  | Int-2}
  6220 | Bailey   | Noticed an orc warlord
  6241 | Bailey   | Slain by an orc warlord

Illustrated notes

Levels and vault maps discovered:
D:1:      spicycebolla_arrival_ecumenical, layout_loops_ring
D:2:      layout_basic
D:3:      layout_rooms, mainiacjoe_overflow_paths, gammafunk_ghost_necromancy
D:4:      layout_rooms, tso_metal_star, mainiacjoe_overflow_catwalk,
          elyvilon_altar_5, minmay_temple_entry_stoned_glass,
          nicolae_ossuary_entry_giza, minmay_misc_feat_square, minivault_4
D:5:      layout_basic
D:6:      kennysheep_six_static_rooms, layout_basic, serial_shops,
          nicolae_shop_stone, serial_bayou_lagoon_b
D:7:      layout_basic, enter_bailey_2
Bailey:   bailey_axe_minmay_hex_keep, bailey

Skill      XL: |  1  2  3  4  5  6  7  8  9 |
---------------+----------------------------+-----
Long Blades    | 1 2 3 4 5 6 8 10 | 10.4
Dodging        | 3 4 5 7 |  7.3
Fighting       | 4 5 6 7 8 |  8.8
Axes           | |  3.0

Action                     |  1- 3 |  4- 6 |  7- 9 | 10-12 || total
---------------------------+-------+-------+-------+-------++-------
  Melee: Demon blade       |    70 |   147 |   467 |    43 ||   727
         Hand axe          |     6 |       |       |       ||     6
         Tailslap          |    10 |    14 |    72 |     8 ||   104
         Punch             |     1 |     2 |     5 |     2 ||    10
 Invoke: Berserk           |       |     2 |     4 |     1 ||     7
         Trog's Hand       |       |       |     5 |       ||     5
         Brothers in Arms  |       |       |       |     1 ||     1
Ability: Breathe Frost     |       |       |     1 |       ||     1
    Use: Scroll            |     3 |     3 |       |       ||     6
   Stab: Sleeping          |       |     1 |       |       ||     1
 Armour: Skin              |    24 |    70 |   108 |     4 ||   206
  Dodge: Dodged            |    57 |   132 |   355 |    18 ||   562
